TOP OF THE 1ST |
California Golden Bears batting - Pitching for Texas A&M Aggies : RHP Josh Ewing
|
Pitching: RHP Josh Ewing
|
|
Batting: RHB Cal Cox
|
0-0: Ball 1-0: Fly out, F8 (Flyball, 8RS)
|
Batting: RHB Johnny Phillips
|
0-0: Foul Ball, location: 2F 0-1: Foul Ball, location: 2F 0-2: Ball 1-2: Strikes out swinging
|
Batting: RHB Ed Crockett
|
0-0: Ball 1-0: Ball 2-0: Called Strike 2-1: Swinging Strike 2-2: Strikes out swinging
|
Top of the 1st over - 0 run(s), 0 hit(s), 0 error(s), 0 left on base; California 0 - Texas A&M 0 |
BOTTOM OF THE 1ST |
Texas A&M Aggies batting - Pitching for California Golden Bears : RHP Chris Keats
|
Pitching: RHP Chris Keats
|
|
Batting: RHB Irwin Robinson
|
0-0: Called Strike 0-1: Swinging Strike 0-2: Strikes out looking
|
Batting: RHB Kevin Wilson
|
0-0: Called Strike 0-1: Ball 1-1: Fly out, F6 (Popup, 56D)
|
Batting: LHB Edward Bennett
|
0-0: Called Strike 0-1: Swinging Strike 0-2: Strikes out looking
|
Bottom of the 1st over - 0 run(s), 0 hit(s), 0 error(s), 0 left on base; California 0 - Texas A&M 0 |
TOP OF THE 2ND |
California Golden Bears batting - Pitching for Texas A&M Aggies : RHP Josh Ewing
|
Batting: RHB Sergio González
|
0-0: Called Strike 0-1: Ball 1-1: Called Strike 1-2: Strikes out swinging
|
Batting: LHB Lee Jenkins
|
0-0: Called Strike 0-1: Called Strike 0-2: Ball 1-2: Strikes out swinging
|
Batting: RHB Daniel Moody
|
0-0: Fly out, F7 (Flyball, 7)
|
Top of the 2nd over - 0 run(s), 0 hit(s), 0 error(s), 0 left on base; California 0 - Texas A&M 0 |
BOTTOM OF THE 2ND |
Texas A&M Aggies batting - Pitching for California Golden Bears : RHP Chris Keats
|
Batting: RHB Brandon Townsley
|
0-0: Ball 1-0: Called Strike 1-1: Ball 2-1: Ball 3-1: Foul Ball, location: 2F 3-2: Foul Ball, location: 2F 3-2: Fly out, F9 (Flyball, 9)
|
Batting: RHB Júlio Hobbs
|
0-0: Ground out 2-3 (Groundball, 15S)
|
Batting: LHB Steve Hoffman
|
0-0: Called Strike 0-1: Ball 1-1: Ball 2-1: Foul Ball, location: 2F 2-2: Ball 3-2: Fly out, F4 (Line Drive, 4)
|
Bottom of the 2nd over - 0 run(s), 0 hit(s), 0 error(s), 0 left on base; California 0 - Texas A&M 0 |
TOP OF THE 3RD |
California Golden Bears batting - Pitching for Texas A&M Aggies : RHP Josh Ewing
|
Batting: RHB Greg Taylor
|
0-0: Ball 1-0: Called Strike 1-1: Foul Ball, location: 2F 1-2: Strikes out swinging
|
Batting: LHB B.J. Ware
|
0-0: Ball 1-0: Ball 2-0: Ball 3-0: Called Strike 3-1: Foul Ball, location: 2F 3-2: Strikes out swinging
|
Batting: RHB Bob Cooper
|
0-0: Ball 1-0: Swinging Strike 1-1: Ball 2-1: SINGLE (Line Drive, 89S)
|
Batting: RHB Cal Cox
|
0-0: Called Strike 0-1: Fly out, F9 (Flyball, 9S)
|
Top of the 3rd over - 0 run(s), 1 hit(s), 0 error(s), 1 left on base; California 0 - Texas A&M 0 |
BOTTOM OF THE 3RD |
Texas A&M Aggies batting - Pitching for California Golden Bears : RHP Chris Keats
|
Batting: RHB Jason Lawson
|
0-0: Ball 1-0: Called Strike 1-1: Swinging Strike 1-2: SINGLE (Groundball, 6) (infield hit)
|
Batting: RHB James Richardson
|
0-0: Foul Ball, location: 2F 0-1: DOUBLE (Flyball, 8RM) Jason Lawson to third
|
Batting: RHB Paul Stewart
|
0-0: Ground out 1-3 (Groundball, 13)
|
Batting: RHB Irwin Robinson
|
0-0: Ball 1-0: Swinging Strike 1-1: Ball 2-1: Ball 3-1: Fly out, F8 (Flyball, 89S)
|
Batting: RHB Kevin Wilson
|
0-0: Ball 1-0: Swinging Strike 1-1: Ball 2-1: Foul Ball, location: 2F 2-2: Fly out, F7 (Line Drive, 7)
|
Bottom of the 3rd over - 0 run(s), 2 hit(s), 0 error(s), 2 left on base; California 0 - Texas A&M 0 |
TOP OF THE 4TH |
California Golden Bears batting - Pitching for Texas A&M Aggies : RHP Josh Ewing
|
Batting: RHB Johnny Phillips
|
0-0: Called Strike 0-1: Foul Ball, location: 2F 0-2: SINGLE (Groundball, 34D)
|
Batting: RHB Ed Crockett
|
0-0: Called Strike 0-1: Ball 1-1: SINGLE (Groundball, 4D) Johnny Phillips to second Runner from 2nd tries for 3rd, SAFE, throw made to third Ed Crockett to second
|
Batting: RHB Sergio González
|
0-0: Called Strike 0-1: Ball 1-1: Ball 2-1: Called Strike 2-2: Ball 3-2: Strikes out swinging
|
Batting: LHB Lee Jenkins
|
0-0: Called Strike 0-1: Ball 1-1: Foul Ball, location: 2F 1-2: Ball 2-2: Foul Ball, location: 2F 2-2: Strikes out swinging
|
Batting: RHB Daniel Moody
|
0-0: Foul Ball, location: 2F 0-1: Ground out 3-1 (Groundball, 3S)
|
Top of the 4th over - 0 run(s), 2 hit(s), 0 error(s), 2 left on base; California 0 - Texas A&M 0 |
BOTTOM OF THE 4TH |
Texas A&M Aggies batting - Pitching for California Golden Bears : RHP Chris Keats
|
Batting: LHB Edward Bennett
|
0-0: Ball 1-0: Foul Ball, location: 2F 1-1: Ball 2-1: Reached on error, E9 (Flyball, 89M)
|
Batting: RHB Brandon Townsley
|
0-0: Ball 1-0: Ball 2-0: Called Strike 2-1: Ball 3-1: Called Strike 3-2: Foul Ball, location: 2F 3-2: Grounds into double play, 5-4-3 (Groundball, 56)
|
Batting: RHB Júlio Hobbs
|
0-0: Ball 1-0: Called Strike 1-1: SINGLE (Groundball, 56D)
|
Batting: LHB Steve Hoffman
|
0-0: SINGLE (Line Drive, 34) Júlio Hobbs to second Runner from 2nd tries for 3rd, SAFE, throw made to third
|
Batting: RHB Jason Lawson
|
0-0: Called Strike 0-1: Called Strike 0-2: Fly out, F8 (Flyball, 8RM)
|
Bottom of the 4th over - 0 run(s), 2 hit(s), 1 error(s), 2 left on base; California 0 - Texas A&M 0 |
TOP OF THE 5TH |
California Golden Bears batting - Pitching for Texas A&M Aggies : RHP Josh Ewing
|
Batting: RHB Greg Taylor
|
0-0: Foul Ball, location: 2F 0-1: SINGLE (Line Drive, 8LS)
|
Batting: LHB B.J. Ware
|
0-0: Ball 1-0: Swinging Strike 1-1: Swinging Strike 1-2: Strikes out swinging
|
Batting: RHB Bob Cooper
|
0-0: Ball 1-0: Foul Ball, location: 2F 1-1: Fielders Choice at 2nd, 6-4 (Groundball, 56)
|
Batting: RHB Cal Cox
|
0-0: Ball 1-0: Ball 2-0: Ball 3-0: Called Strike 3-1: SINGLE (Flyball, 8LS) Bob Cooper to second
|
Batting: RHB Johnny Phillips
|
0-0: Ball 1-0: Swinging Strike 1-1: Foul Ball, location: 2F 1-2: Fly out, F8 (Flyball, 8RD)
|
Top of the 5th over - 0 run(s), 2 hit(s), 0 error(s), 2 left on base; California 0 - Texas A&M 0 |
BOTTOM OF THE 5TH |
Texas A&M Aggies batting - Pitching for California Golden Bears : RHP Chris Keats
|
Batting: RHB James Richardson
|
0-0: Called Strike 0-1: Called Strike 0-2: Strikes out swinging
|
Batting: RHB Paul Stewart
|
0-0: Ball 1-0: Called Strike 1-1: Ball 2-1: Foul Ball, location: 2F 2-2: Ground out 4-3 (Groundball, 4)
|
Batting: RHB Irwin Robinson
|
0-0: Called Strike 0-1: Fly out, F9 (Flyball, 9LM)
|
Bottom of the 5th over - 0 run(s), 0 hit(s), 0 error(s), 0 left on base; California 0 - Texas A&M 0 |
TOP OF THE 6TH |
California Golden Bears batting - Pitching for Texas A&M Aggies : RHP Josh Ewing
|
Batting: RHB Ed Crockett
|
0-0: Called Strike 0-1: Ball 1-1: Ball 2-1: Ball 3-1: Fly out, F5 (Line Drive, 5S)
|
Batting: RHB Sergio González
|
0-0: Foul Ball, location: 2F 0-1: Foul Ball, location: 2F 0-2: Ground out 4-3 (Groundball, 4)
|
Batting: LHB Lee Jenkins
|
0-0: Foul Ball, location: 2F 0-1: Foul Ball, location: 2F 0-2: Ball 1-2: Foul Ball, location: 2F 1-2: Strikes out swinging
|
Top of the 6th over - 0 run(s), 0 hit(s), 0 error(s), 0 left on base; California 0 - Texas A&M 0 |
BOTTOM OF THE 6TH |
Texas A&M Aggies batting - Pitching for California Golden Bears : RHP Chris Keats
|
Batting: RHB Kevin Wilson
|
0-0: Ball 1-0: Foul Ball, location: 2F 1-1: Swinging Strike 1-2: Ball 2-2: Strikes out swinging
|
Batting: LHB Edward Bennett
|
0-0: Foul Ball, location: 2F 0-1: Foul Ball, location: 2F 0-2: Ball 1-2: Strikes out swinging
|
Batting: RHB Brandon Townsley
|
0-0: Foul Ball, location: 2F 0-1: Fly out, F4 (Line Drive, 4MD)
|
Bottom of the 6th over - 0 run(s), 0 hit(s), 0 error(s), 0 left on base; California 0 - Texas A&M 0 |
TOP OF THE 7TH |
California Golden Bears batting - Pitching for Texas A&M Aggies : RHP Josh Ewing
|
Pitching: RHP Mike Cartwright
|
|
Batting: RHB Daniel Moody
|
0-0: Ball 1-0: Foul Ball, location: 2F 1-1: Swinging Strike 1-2: Ball 2-2: Foul Ball, location: 2F 2-2: Foul Ball, location: 2F 2-2: Ball 3-2: Strikes out swinging
|
Batting: RHB Greg Taylor
|
0-0: Ball 1-0: Ball 2-0: Ball 3-0: Base on Balls
|
Batting: LHB B.J. Ware
|
0-0: Called Strike 0-1: Ball 1-1: Ball 2-1: 2-RUN HOME RUN (Line Drive, 89XD), Distance : 394 ft
|
Pitching: LHP Craig Grant
|
|
Batting: RHB Bob Cooper
|
0-0: Called Strike 0-1: Ball 1-1: Ball 2-1: Foul Ball, location: 2F 2-2: Strikes out looking
|
Batting: RHB Cal Cox
|
0-0: Called Strike 0-1: Ball 1-1: Called Strike 1-2: Strikes out swinging
|
Top of the 7th over - 2 run(s), 1 hit(s), 0 error(s), 0 left on base; California 2 - Texas A&M 0 |
BOTTOM OF THE 7TH |
Texas A&M Aggies batting - Pitching for California Golden Bears : RHP Chris Keats
|
Batting: RHB Júlio Hobbs
|
0-0: Called Strike 0-1: Foul Ball, location: 2F 0-2: Ball 1-2: Fly out, F9 (Flyball, 9)
|
Pitching: RHP Ward Hunter
|
|
Batting: LHB Steve Hoffman
|
0-0: Called Strike 0-1: Fly out, F6 (Popup, 6M)
|
Batting: RHB Jason Lawson
|
0-0: Called Strike 0-1: Ball 1-1: Swinging Strike 1-2: Strikes out swinging
|
Bottom of the 7th over - 0 run(s), 0 hit(s), 0 error(s), 0 left on base; California 2 - Texas A&M 0 |
TOP OF THE 8TH |
California Golden Bears batting - Pitching for Texas A&M Aggies : LHP Craig Grant
|
Batting: RHB Johnny Phillips
|
0-0: Ball 1-0: Foul Ball, location: 2F 1-1: Called Strike 1-2: Ball 2-2: Strikes out swinging
|
Batting: RHB Ed Crockett
|
0-0: Called Strike 0-1: Ball 1-1: Fly out, F2 (Popup, 2L)
|
Batting: RHB Sergio González
|
0-0: Called Strike 0-1: Ball 1-1: Called Strike 1-2: Strikes out looking
|
Top of the 8th over - 0 run(s), 0 hit(s), 0 error(s), 0 left on base; California 2 - Texas A&M 0 |
BOTTOM OF THE 8TH |
Texas A&M Aggies batting - Pitching for California Golden Bears : RHP Ward Hunter
|
Batting: RHB James Richardson
|
0-0: Ball 1-0: Ball 2-0: Foul Ball, location: 2F 2-1: Called Strike 2-2: Foul Ball, location: 2F 2-2: Ball 3-2: Strikes out looking
|
Batting: RHB Paul Stewart
|
0-0: Foul Ball, location: 2F 0-1: Called Strike 0-2: Ball 1-2: Foul Ball, location: 2F 1-2: Strikes out swinging
|
Batting: RHB Irwin Robinson
|
0-0: Called Strike 0-1: SINGLE (Groundball, 56S) (infield hit)
|
Batting: RHB Kevin Wilson
|
0-0: Called Strike 0-1: Ball 1-1: Swinging Strike 1-2: Ball 2-2: Foul Ball, location: 2F 2-2: Foul Ball, location: 2F 2-2: Foul Ball, location: 2F 2-2: Ball 3-2: Foul Ball, location: 2F 3-2: Ground out 6-3 (Groundball, 6S)
|
Bottom of the 8th over - 0 run(s), 1 hit(s), 0 error(s), 1 left on base; California 2 - Texas A&M 0 |
TOP OF THE 9TH |
California Golden Bears batting - Pitching for Texas A&M Aggies : LHP Craig Grant
|
Batting: LHB Lee Jenkins
|
0-0: Swinging Strike 0-1: Ball 1-1: Ground out 4-3 (Groundball, 4D)
|
Batting: RHB Daniel Moody
|
0-0: Called Strike 0-1: Ball 1-1: Ground out 4-3 (Groundball, 4)
|
Batting: RHB Greg Taylor
|
0-0: Ball 1-0: Ball 2-0: Called Strike 2-1: Swinging Strike 2-2: Ball 3-2: Foul Ball, location: 2F 3-2: SINGLE (Line Drive, 9S)
|
Pitching: RHP Thomas Adams
|
|
Batting: LHB B.J. Ware
|
0-0: Called Strike 0-1: Foul Ball, location: 2F 0-2: SINGLE (Line Drive, 89S) Greg Taylor to second
|
Pitching: RHP Jonathan Nieves
|
|
Pinch Hitting: RHB Mike Ratzlaff
|
0-0: Swinging Strike 0-1: Foul Ball, location: 2F 0-2: Fielders Choice at 2nd, 6-4 (Groundball, 56)
|
Top of the 9th over - 0 run(s), 2 hit(s), 0 error(s), 1 left on base; California 2 - Texas A&M 0 |
BOTTOM OF THE 9TH |
Texas A&M Aggies batting - Pitching for California Golden Bears : RHP Ward Hunter
|
Now at SS: Mike Ratzlaff
|
|
Batting: LHB Edward Bennett
|
0-0: Foul Ball, location: 2F 0-1: Foul Ball, location: 2F 0-2: Foul Ball, location: 2F 0-2: Ball 1-2: Foul Ball, location: 2F 1-2: Foul Ball, location: 2F 1-2: Ball 2-2: Ball 3-2: SOLO HOME RUN (Line Drive, 89XD), Distance : 388 ft
|
Batting: RHB Brandon Townsley
|
0-0: Foul Ball, location: 2F 0-1: Ball 1-1: Swinging Strike 1-2: SINGLE (Flyball, 9LM)
|
Batting: RHB Júlio Hobbs
|
0-0: Called Strike 0-1: Foul Ball, location: 2F 0-2: Ball 1-2: Strikes out swinging
|
Pinch Hitting: RHB William Dyer
|
0-0: Fly out, F5 (Line Drive, 5)
|
Batting: RHB Jason Lawson
|
0-0: Ball 1-0: Called Strike 1-1: Ball 2-1: Foul Ball, location: 2F 2-2: Hit by Pitch Brandon Townsley to second
|
Batting: RHB James Richardson
|
0-0: Called Strike 0-1: Ground out 5-3 (Groundball, 56S)
|
Bottom of the 9th over - 1 run(s), 2 hit(s), 0 error(s), 2 left on base; California 2 - Texas A&M 1 |
|